 Dungeon Crawl Stone Soup version 0.26.1-2-gb8aa6d0cf2 (webtiles) character file.

Game seed: 5629994461131561753

5702 hawla the Nimble (level 10, -8/84 HPs)
             Began as a Deep Elf Conjurer on Feb 23, 2021.
             Was a Believer of Vehumet.
             Mangled by a two-headed ogre
             ... wielding a +0 giant club
              (11 damage)
             ... on level 11 of the Dungeon.
             The game lasted 00:30:33 (10902 turns).

hawla the Nimble (Deep Elf Conjurer)               Turns: 10902, Time: 00:30:34

Health: -8/84      AC: 25    Str:  4    XL:     10   Next: 48%
Magic:  24/24      EV:  2    Int: 27    God:    Vehumet [**....]
Gold:   91         SH:  7    Dex: 13    Spells: 10/25 levels left

rFire    . . .     SeeInvis .   o - +2 dagger (drain)
rCold    . . .     Faith    .   p - +2 buckler
rNeg     + + +     Spirit   .   (armour currently unavailable)
rPois    +         Reflect  .   (helmet currently unavailable)
rElec    .         Harm     .   (cloak currently unavailable)
rCorr    .         Rampage  .   (gloves currently unavailable)
Will     +....     NoTele   +   (boots currently unavailable)
Stlth    +++.......             f - amulet of regeneration
HPRegen  0.64/turn              n - ring of stealth
MPRegen  0.19/turn              (no ring)

@: tree-form (expiring), berserk cooldown, slowed, very slow
A: no striking features
a: Renounce Religion


You were on level 11 of the Dungeon.
You worshipped Vehumet.
Vehumet was pleased with you.
You were a tree.
You visited 2 branches of the dungeon, and saw 11 of its levels.

You collected 375 gold pieces.
You spent 284 gold pieces at shops.

Inventory:

Hand Weapons
 o - a +2 dagger of draining (weapon)
Missiles
 m - 6 curare-tipped darts (quivered)
 u - 11 poisoned darts
Armour
 a - a +0 robe (melded)
 p - a +2 buckler (worn)
 y - the +1 leather armour of the Devil {*Corrode rC+ Regen+ Str+7}
   (You found it on level 8 of the Dungeon)

   It affects your strength (+7).
   It protects you from cold.
   It increases your rate of regeneration.
   It may corrode you when you take damage.
 C - a +0 pair of boots (melded)
Jewellery
 c - a cursed amulet of inaccuracy {unknown}
 d - an uncursed ring of flight {unknown}
 f - an amulet of regeneration (around neck)
 n - a ring of stealth (left branch)
Wands
 h - a wand of enslavement (5)
 q - a wand of digging (10)
 s - a wand of paralysis (9)
 v - a wand of flame (21)
 B - a wand of acid (12)
Scrolls
 b - a scroll of teleportation
 g - 8 scrolls of remove curse
 l - a scroll of fear
 r - a scroll of magic mapping
 t - a scroll of enchant weapon
 w - a scroll of blinking
 x - 2 scrolls of identify
 E - a scroll of fog
Potions
 e - a potion of might
 i - 2 potions of resistance
 j - a potion of lignification
 k - 4 potions of brilliance
Miscellaneous
 D - a box of beasts


   Skills:
 - Level 4.0 Fighting
 - Level 1.0 Throwing
 + Level 8.1 Dodging
 - Level 3.0 Stealth
 - Level 4.0 Shields
 + Level 8.1 Spellcasting
 + Level 8.0 Conjurations
 + Level 3.2 Necromancy
 - Level 4.0 Translocations
 + Level 8.0 Fire Magic
 - Level 2.0 Evocations


You had 10 spell levels left.
You knew the following spells:

 Your Spells              Type           Power        Failure   Level
a - Magic Dart            Conj           100%         1%          1
b - Searing Ray           Conj           100%         1%          2
c - Iskenderun's Mystic   Conj/Tloc      43%          4%          4
d - Vampiric Draining     Necr           14%          4%          3
e - Agony                 Necr           28%          36%         5

Your spell library contained the following spells:

 Spells                   Type           Power        Failure   Level
 Shock                    Conj/Air       100%         1%          1
 Animate Skeleton         Necr           56%          1%          1
 Pain                     Necr           100%         1%          1
 Dazzling Flash           Conj/Hex       64%          3%          3
 Gell's Gravitas          Tloc           16%          3%          3
 Fulminant Prism          Conj/Hex       16%          10%         4
 Animate Dead             Necr           14%          14%         4
 Confusing Touch          Hex            10%          16%         3
 Petrify                  Tmut/Erth      10%          45%         4
 Metabolic Englaciation   Hex/Ice        5%           82%         5
 Yara's Violent Unravell  Hex/Tmut       5%           82%         5


Dungeon Overview and Level Annotations

Branches:
Dungeon (9/15)             Temple (1/1) D:7            Lair (0/6) D:11
    Orc: D:9-12

Altars:
Ashenzari
Cheibriados
Dithmenos
Elyvilon
Fedhas
Gozag
Hepliaklqana
Kikubaaqudgha
Makhleb
Nemelex Xobeh
Okawaru
Qazlal
Ru
Sif Muna
Trog
Uskayaw
Vehumet
Wu Jian
Xom
Yredelemnul
Zin
The Shining One

Shops:
D:4 ?   D:6 *   D:8 !

Annotations:
D:3 1 runed translucent door, ew1980's ghost, weakling FeAr
D:8 1 runed translucent door, ISoar's ghost, novice DsNe
D:9 1 transporter


Message History

Your Dodging skill increases to level 8!
Your Fire Magic skill increases to level 8!
You need to enable at least one skill for training.
Casting: Iskenderun's Mystic Blast (dangerous; 4% risk of failure)
Confirm with . or Enter, or press ? or * to list all spells.
Aiming: Vampiric Draining (mildly dangerous; 4% risk of failure)
Press: ? - help, Shift-Dir - straight line, f - two-headed ogre
Aim: a two-headed ogre, wielding two +0 giant clubs (moderately wounded)
The two-headed ogre is moderately wounded.
You feel life coursing into your body.
Your transformation is almost over.
The two-headed ogre hits you with a +0 giant club.
* * * LOW HITPOINT WARNING * * *
The two-headed ogre hits you but does no damage.
A seven-headed hydra comes into view.
It was a potion of magic.
Magic courses through your body.
The two-headed ogre hits you with a +0 giant club.
* * * LOW HITPOINT WARNING * * *
The two-headed ogre hits you with a +0 giant club!
You die...

#######...$# ..
#.o..###..
#.........
######.........
...............
...............
#######..######
.#
#..#########D..##
#.....[))♣OZ.....
#################


You could see a seven-headed hydra, a two-headed ogre and a hound skeleton.

Vanquished Creatures
  Erolcha (D:11)
  Maggie (D:8)
  A shadow (D:11)
  Eustachio (D:5)
  2 wargs (D:11)
  Menkaure (D:5)
  3 orc warriors
  3 sky beasts
  2 black bears
  2 ice beasts
  2 phantoms
  A necrophage (D:9)
  3 centaurs
  2 ogres (D:6)
  6 bullfrogs
  3 scorpions
  4 killer bees (D:8)
  11 wights
  3 howler monkeys
  A bullfrog zombie (D:5)
  7 orc priests
  A centaur skeleton (D:6)
  3 jellies
  7 orc wizards
  2 bullfrog skeletons
  A hound (D:4)
  An iguana (D:6)
  6 worker ants
  3 hound zombies
  A worker ant zombie (D:6)
  Robin (D:2)
  3 gnolls (D:7)
  8 adders
  A white imp (D:8)
  An ufetubus (D:7)
  An ooze (D:4)
  An adder zombie (D:7)
  6 worms
  2 dart slugs
  10 leopard geckos
  34 orcs
  4 giant cockroaches
  15 goblins
  10 hobgoblins
  4 jackals (D:6)
  A quokka (D:8)
  A ball python (D:4)
  A ball python zombie (D:5)
  8 bats
  5 frilled lizards
  9 kobolds
  A quokka skeleton (D:6)
  8 rats
220 creatures vanquished.

Notes
Turn   | Place    | Note
-------+----------+-------------------------------------------
     0 | D:1      | hawla the Deep Elf Conjurer began the quest for the Orb.
     0 | D:1      | Reached XP level 1. HP: 10/10 MP: 6/6
   324 | D:1      | Reached XP level 2. HP: 15/15 MP: 2/8
   327 | D:1      | Learned a level 2 spell: Searing Ray
  1065 | D:1      | Reached XP level 3. HP: 20/20 MP: 6/9
  1707 | D:2      | Noticed Robin
  1722 | D:2      | Killed Robin
  1723 | D:2      | Reached skill level 1 in Translocations
  1723 | D:2      | Reached skill level 1 in Evocations
  1727 | D:2      | Reached skill level 1 in Fire Magic
  1758 | D:2      | Reached XP level 4. HP: 24/24 MP: 0/11
  1763 | D:2      | Learned a level 4 spell: Iskenderun's Mystic Blast
  1925 | D:2      | Reached skill level 1 in Throwing
  2085 | D:2      | Found a shimmering blue altar of Sif Muna.
  2235 | D:2      | Found a sparkling altar of Nemelex Xobeh.
  2454 | D:3      | Found a runed translucent door.
  2455 | D:3      | Noticed ew1980's ghost (weakling FeAr)
  2585 | D:3      | Found a hide-covered altar of Uskayaw.
  2622 | D:3      | Reached skill level 1 in Fighting
  2649 | D:3      | Found a faded altar of an unknown god.
  2854 | D:3      | Noticed a black bear
  2860 | D:3      | Killed a black bear
  2861 | D:3      | Reached skill level 5 in Conjurations
  2861 | D:3      | Reached XP level 5. HP: 29/29 MP: 7/13
  3130 | D:3      | Found a white marble altar of Elyvilon.
  3427 | D:4      | Found Jaschi's Magic Scroll Shoppe.
  3486 | D:4      | Bought a scroll of noise for 13 gold pieces
  3486 | D:4      | Bought a scroll of magic mapping for 45 gold pieces
  3785 | D:4      | Reached XP level 6. HP: 34/34 MP: 2/14
  4236 | D:5      | Entered Level 5 of the Dungeon
  4236 | D:5      | Noticed Eustachio
  4246 | D:5      | Killed Eustachio
  4247 | D:5      | Reached skill level 1 in Shields
  4393 | D:5      | Reached XP level 7. HP: 39/39 MP: 9/16
  4577 | D:5      | Reached skill level 5 in Spellcasting
  5086 | D:5      | Noticed Menkaure
  5092 | D:5      | Killed Menkaure
  5696 | D:6      | Reached XP level 8. HP: 44/44 MP: 8/17
  6135 | D:6      | Found a bloodstained altar of Trog.
  6219 | D:6      | Found Kihol's Assorted Antiques.
  6227 | D:6      | Bought a scroll labelled BUFENI ET CEVU for 20 gold pieces
  6695 | D:6      | Found a basalt altar of Yredelemnul.
  6727 | D:6      | Found a bloodstained altar of Trog.
  6849 | D:6      | Found a white marble altar of Elyvilon.
  6849 | D:6      | Found an ancient bone altar of Kikubaaqudgha.
  6850 | D:6      | Found an opulent altar of Gozag.
  6955 | D:7      | Found a snail-covered altar of Cheibriados.
  7062 | D:7      | Found a staircase to the Ecumenical Temple.
  7082 | Temple   | Entered the Ecumenical Temple
  7304 | Temple   | Became a worshipper of Vehumet
  7414 | D:7      | Reached skill level 5 in Dodging
  7846 | D:7      | Reached XP level 9. HP: 41/50 MP: 8/20
  8060 | D:7      | Found a burning altar of Makhleb.
  8379 | D:4      | Bought a scroll of holy word for 97 gold pieces
  8379 | D:4      | Bought a scroll of silence for 97 gold pieces
  8630 | D:8      | Found Raxam's Distillery.
  8633 | D:8      | Bought a potion of degeneration for 12 gold pieces
  8798 | D:8      | Reached skill level 5 in Fire Magic
  8990 | D:8      | Noticed Maggie
  9001 | D:8      | Killed Maggie
  9001 | D:8      | Reached * piety under Vehumet
  9001 | D:8      | Offered knowledge of Foxfire by Vehumet.
  9006 | D:8      | Learned a level 3 spell: Vampiric Draining
  9174 | D:8      | Reached skill level 1 in Necromancy
  9791 | D:8      | Found a runed translucent door.
  9807 | D:8      | Noticed ISoar's ghost (novice DsNe)
  9973 | D:8      | Learned a level 5 spell: Agony
 10094 | D:8      | Got a smelly leather armour
 10105 | D:8      | Identified the +1 leather armour of the Devil {*Corrode rC+
                  | Regen+ Str+7} (You found it on level 8 of the Dungeon)
 10464 | D:9      | Found a transporter.
 10466 | D:9      | Noticed a two-headed ogre
 10468 | D:9      | Reached ** piety under Vehumet
 10468 | D:9      | Offered knowledge of Shock by Vehumet.
 10470 | D:9      | Noticed a cyclops
 10491 | D:9      | Found a bloodstained altar of Trog.
 10508 | D:9      | Reached XP level 10. HP: 41/56 MP: 15/23
 10661 | D:9      | You fall into a shaft and drop 2 floors!
 10818 | D:11     | Noticed Erolcha
 10844 | D:11     | Found a staircase to the Lair.
 10893 | D:11     | Noticed a two-headed ogre
 10900 | D:11     | Killed Erolcha
 10901 | D:11     | Noticed a seven-headed hydra
 10902 | D:11     | HP: 3/84 [two-headed ogre/+0 giant club (3)]
 10902 | D:11     | Mangled by a two-headed ogre

Illustrated notes

Levels and vault maps discovered:
D:1:      dpeg_arrival_pond, layout_basic, minmay_misc_feat_square
D:2:      layout_loops_ring, grunt_temple_overflow_open, uniq_robin
D:3:      layout_basic, old_standard_altar, chequers_ecumenical_altar_simple,
          ebering_ghost_inner_flame, elyvilon_altar_3
D:4:      layout_cave_pools, serial_shops, shop, minmay_misc_feat_tower
D:5:      layout_basic, serial_co_window_serial, co_window_paths_b,
          co_window_of_opportunity_a, co_window_paths_b, co_window_paths_a,
          co_window_corner_a, co_window_corner_cb, co_window_2corner,
          co_window_broadway_b, co_window_cross_3, co_window_broadway_c,
          glass_columns_c, glass_columns_a, glass_columns_a, glass_columns_a,
          uniq_eustachio, uniq_menkaure
D:6:      layout_cave_pools, gammafunk_temple_overflow_claw,
          lightli_temple_of_fire, marbit_many_paths, serial_shops, shop,
          basic_altar
D:7:      layout_loops_corners, cheibriados_altar_1,
          nicolae_overflow_hidden_temple, minmay_temple_entry_drinking_statues,
          minivault_23
D:8:      layout_gridville, serial_shops, kennysheep_mini_moat,
          ebering_ghost_inner_flame, minmay_fountain_box,
          palyth_stone_intersect, uniq_maggie
D:9:      layout_roguey, orc_0_dummy, gammafunk_ghost_wrathful_warriors,
          columned_hall_lemuel, minmay_misc_feat_doors,
          nemelex_dance_club_becter
D:11:     cheibrodos_helix_gallery, layout_long_grid, erik_lair_orcish_takeover,
          serial_shops, nicolae_shop_stone, shop, shop, uniq_erolcha
Temple:   minmay_temple_bridge_abc

Skill      XL: |  1  2  3  4  5  6  7  8  9 10 |
---------------+-------------------------------+-----
Translocations | 1 2 4 |  4.0
Evocations     | 1 2 |  2.0
Fire Magic     | 1 2 3 6 8 |  8.0
Throwing       | 1 |  1.0
Stealth        | 3 |  3.0
Dodging        | 3 4 5 6 8 |  8.1
Fighting       | 1 2 3 4 |  4.0
Spellcasting   | 4 5 6 7 8 |  8.1
Conjurations   | 5 6 8 |  8.0
Shields        | 1 3 4 |  4.0
Necromancy     | 3 |  3.2

Action                   |  1- 3 |  4- 6 |  7- 9 | 10-12 || total
-------------------------+-------+-------+-------+-------++-------
Melee: Unarmed           |    17 |       |       |       ||    17
       Dagger            |       |     9 |    55 |    22 ||    86
 Cast: Magic Dart        |    41 |    15 |    29 |     2 ||    87
       Searing Ray       |    14 |    30 |    85 |     9 ||   138
       Iskenderun's Myst |       |     3 |    27 |     3 ||    33
       Vampiric Draining |       |       |       |     3 ||     3
  Use: Scroll            |     3 |     4 |    10 |       ||    17
       Potion            |     2 |       |     6 |     3 ||    11
Armor: Robe              |     3 |     4 |    12 |       ||    19
       Skin              |       |       |     2 |    24 ||    26
Dodge: Dodged            |    10 |    10 |    68 |     4 ||    92
Block: Buckler           |       |       |    13 |    15 ||    28
